cohdb
Replays
Latest Replays
All Replays
Popular Replays
Top Player Replays
Match Explorer
How It Works
Community
CoH3 Stats
Reddit
Sign in to upload your games and track your stats! →
Sign in with Steam
Match 39646072
Unlisted
Match 39646072
Overview
Messages
Build Orders
End
Scout Squad
Scout Squad
Construct Weapon Support Center
Selects Heavy Weapons
Scout Squad
M1919 Machine Gun Team
M1919 Machine Gun Team
Bazooka Squad
Construct Barracks
M1919 Machine Gun Team
Riflemen Squad
Infantry Support Center
Construct Medical Station
M3 Armored Personnel Carrier
Selects M2HB .50cal Heavy Machine Gun
Bazooka Squad
Improved M9 Bazooka Rockets
Engineer Squad
Selects Rapid Reposition
Selects Assault Carriers
Riflemen Squad
Riflemen Squad
M3 Assault Carrier
Engineer Squad
Jeiseun
Saueee
0
0
Comments
sign in to comment!
No comments posted yet!